 Dungeon Crawl Stone Soup version 0.29.1-2-gbd0b4ee654 (webtiles) character file.

Game seed: 3896396629233594621

61 qeuew the Shooter (level 3, -2/27 HPs)
             Began as a Spriggan Hunter on Nov 3, 2022.
             Slain by an orc
             ... wielding a +0 short sword
              (3 damage)
             ... on level 2 of the Dungeon.
             The game lasted 00:02:11 (815 turns).

qeuew the Shooter (Spriggan Hunter)                  Turns: 815, Time: 00:02:12

Health: -2/27      AC: 21    Str:  7    XL:     3   Next: 83%
Magic:  4/4        EV:  4    Int: 10    God:
Gold:   67         SH:  0    Dex: 20    Spells: 2/2 levels left

rFire   . . .      SeeInvis +   l - +0 dagger
rCold   + . .      Faith    .   (no shield)
rNeg    . . .      Spirit   .   (body armour currently unavailable)
rPois   +          Reflect  .   (helmet currently unavailable)
rElec   .          Harm     .   (cloak currently unavailable)
rCorr   .          Rampage  .   (gloves unavailable)
Will    .....      NoTele   +   (boots unavailable)
Stlth   +++.......              (no amulet)
HPRegen 0.09/turn               f - ring of protection from cold
MPRegen 0.09/turn               (no ring)

@: tree-form
A: stationary, stasis, torment immunity, boosted hp, very small, no large
weapons, unfitting armour, see invisible, (speed 3)
a: no special abilities


You were on level 2 of the Dungeon.
You were a tree.
You visited 1 branch of the dungeon, and saw 2 of its levels.

You collected 67 gold pieces.

Inventory:

Hand Weapons
 a - a +0 shortbow
 l - a +0 dagger (weapon)
Armour
 c - a +0 robe (melded)
Jewellery
 f - a ring of protection from cold (left branch)
 n - an amulet of guardian spirit
Scrolls
 b - a scroll of immolation
 d - a scroll of magic mapping {unknown}
 e - a scroll of teleportation {unknown}
 h - a scroll of vulnerability {unknown}
 j - 2 scrolls of identify {unknown}
Potions
 g - 2 potions of curing
 i - a potion of brilliance {unknown}
 k - a potion of lignification
 m - a potion of heal wounds {unknown}


   Skills:
 + Level 1.8 Fighting
 * Level 0.9 Short Blades
 * Level 4.8 Ranged Weapons
 + Level 3.1 Dodging
 + Level 3.0 Stealth


You had 2 spell levels left.
You didn't know any spells.
Your spell library was empty.

Dungeon Overview and Level Annotations

Branches:
Dungeon (2/15)

Altars:


Innate Abilities, Weirdness & Mutations

You are a tree.
Your roots penetrate the ground, keeping you stationary.
You cannot be teleported.
You are immune to unholy pain and torment.
Your maximum health is greatly increased.
Your equipment is partially melded.
You are very small and have problems with some larger weapons.
You are too small for most types of armour.
You have supernaturally acute eyesight. (SInv)
((You cover ground extremely quickly. (Speed+++)))


Message History

The orc hits you but does no damage. x3
You hit the orc wizard.
The orc wizard is almost dead.
The orc wizard gestures at you while chanting.
You are confused.
The orc hits you but does no damage. x3
You cannot move. (Use ctrl+direction or * direction to attack while stationary and confused.)
You cannot move. (Use ctrl+direction or * direction to attack while stationary and confused.)
You cannot move. (Use ctrl+direction or * direction to attack while stationary and confused.)
You cannot move. (Use ctrl+direction or * direction to attack while stationary and confused.)
You cannot move. (Use ctrl+direction or * direction to attack while stationary and confused.)
You cannot move. (Use ctrl+direction or * direction to attack while stationary and confused.)
You hit the orc wizard.
You kill the orc wizard!
The orc hits you but does no damage. x3
Your Stealth skill increases to level 3!
You nearly hit yourself!
The orc completely misses you. The orc hits you but does no damage. x2
You swing at nothing.
The orc hits you with a +0 hand axe.
* * * LOW HITPOINT WARNING * * *
The orc hits you but does no damage. x2
You swing at nothing.
The orc completely misses you. x2
The orc hits you but does no damage.
You hit the orc.
The orc is moderately wounded.
The orc hits you with a +0 club.
* * * LOW HITPOINT WARNING * * *
The orc hits you but does no damage. x2
You hit the orc.
The orc is moderately wounded.
You feel less confused. The orc hits you with a +0 hand axe.
* * * LOW HITPOINT WARNING * * *
The orc hits you but does no damage. x2
You hit the orc.
The orc is heavily wounded.
The orc hits you but does no damage. The orc hits you with a +0 club.
* * * LOW HITPOINT WARNING * * *
The orc hits you with a +0 short sword.
You die...

#.# ####### #.# #....[#
#.# #.....# #.#
#.....#######.#
#.....#.....#.#
#.....#.....#.#
###.....#.)o..#.#######.#
..........♣)......>.....#
###.....#.oo..#.##.######
#.....#.....#.# .#
#.....#######.# o#
#.....# #.# o.
#.....#######.# .#
#.###########........# .#
..........#....####### .#
..#######.#....#


You could see 3 orcs.

Vanquished Creatures
  An orc wizard (D:2)
  3 dart slugs (D:1)
  An orc (D:2)
  3 bats (D:1)
  2 endoplasms (D:1)
  2 giant cockroaches (D:1)
  2 goblins (D:1)
  2 hobgoblins
  A quokka (D:1)
  4 ball pythons (D:1)
  2 frilled lizards (D:1)
  4 kobolds (D:1)
  2 rats (D:1)
29 creatures vanquished.

Vanquished Creatures (others)
  A plant (D:1)
1 creature vanquished.

Grand Total: 30 creatures vanquished

Notes
Turn   | Place    | Note
-------+----------+-------------------------------------------
     0 | D:1      | qeuew the Spriggan Hunter began the quest for the Orb.
     0 | D:1      | Reached XP level 1. HP: 10/10 MP: 2/2
    99 | D:1      | Found a faded altar of an unknown god.
   115 | D:1      | Reached XP level 2. HP: 14/14 MP: 3/3
   382 | D:1      | Reached XP level 3. HP: 18/18 MP: 4/4
   815 | D:2      | HP: 1/27 [orc/+0 club (3)]
   815 | D:2      | Slain by an orc

Illustrated notes

Levels and vault maps discovered:
D:1:      amcnicky_arrival_abandoned_market, layout_basic,
          shapermc_ecumenical_altar_mp_urbaneastern, minmay_misc_feat_nine_boxes
D:2:      layout_basic

Skill      XL: |  1  2  3 |
---------------+----------+-----
Stealth        | 2 3 |  3.0
Dodging        | 3 |  3.1
Fighting       | |  1.8
Short Blades   | |  0.9
Ranged Weapons | |  4.8

Action                   || total
-------------------------++-------
Melee: Dagger            ||    12
 Fire: Shortbow          ||    63
  Use: Potion            ||     2
Armor: Skin              ||    48
Dodge: Dodged            ||    19
